 Dungeon Crawl Stone Soup version 0.28-a0-479-g5baa6b73be (webtiles) character file.

Game seed: 15379880351553715766

733 Dabor the Conjurer (level 7, -4/50 HPs)
             Began as a Demigod Conjurer on Sept 18, 2021.
             Slain by a hornet (17 damage)
             ... while paralysed by a hornet
             ... on level 5 of the Dungeon.
             The game lasted 00:13:13 (5971 turns).

Dabor the Conjurer (Demigod Conjurer)               Turns: 5971, Time: 00:13:14

Health: -4/50      AC:  2    Str: 13    XL:     7   Next: 21%
Magic:  2/14       EV:  2    Int: 28    God:
Gold:   170        SH:  0    Dex: 12    Spells: 3/12 levels left

rFire   . . .      SeeInvis .   n - +5 spear "Hydraslayer" {holy, Str+5}
rCold   . . .      Faith    .   (no shield)
rNeg    . . .      Spirit   .   a - +0 robe
rPois   .          Reflect  .   (no helmet)
rElec   .          Harm     .   (no cloak)
rCorr   .          Rampage  .   (no gloves)
Will    .....                   (no boots)
Stlth   ++........              (no amulet)
HPRegen 0.16/turn               (no ring)
MPRegen 0.14/turn               (no ring)

@: paralysed, lethally poisoned (-4 -> -8), slowed
A: high mp 1, forlorn
a: no special abilities


You were on level 5 of the Dungeon.
You visited 1 branch of the dungeon, and saw 5 of its levels.

You collected 170 gold pieces.

Inventory:

Hand Weapons
 b - a +1 dagger of venom
 j - a +2 dagger of electrocution
 n - the +5 spear "Hydraslayer" (weapon) {holy, Str+5}
   (You found it on level 4 of the Dungeon)

   It has been blessed by the Shining One to cause great damage to the undead
   and demons.
   Str:       It affects your strength (+5).
Missiles
 f - a throwing net
Armour
 a - a +0 robe (worn)
Jewellery
 e - a ring of poison resistance
Wands
 i - a wand of digging (3)
Scrolls
 g - a scroll of amnesia {unknown}
 k - a scroll of enchant weapon
 o - a scroll of identify
 p - a scroll of teleportation {unknown}
Potions
 c - 2 potions of degeneration
 d - a potion of attraction
 h - a potion of flight
 l - a potion of mutation {unknown}
 m - a potion of lignification


   Skills:
 + Level 1.6 Polearms
 + Level 3.4 Dodging
 + Level 3.5 Stealth
 + Level 3.1 Spellcasting
 + Level 4.6 Conjurations
 * Level 4.0 Hexes


You had 3 spell levels left.
You knew the following spells:

 Your Spells              Type           Power      Damage    Failure   Level
a - Magic Dart            Conj           100%       1d8       1%          1
b - Searing Ray           Conj           60%        2d6       1%          2
c - Fulminant Prism       Conj/Hex       14%        3d9       14%         4
d - Slow                  Hex            27%        N/A       2%          2

Your spell library contained the following spells:

 Spells                   Type           Power      Damage    Failure   Level
 Confusing Touch          Hex            27%        N/A       4%          3
 Dazzling Flash           Conj/Hex       56%        N/A       4%          3
 Corpse Rot               Necr/Air       N/A        N/A       12%         2
 Poisonous Vapours        Pois/Air       8%         N/A       12%         2
 Gell's Gravitas          Tloc           2%         N/A       24%         3
 Lesser Beckoning         Tloc           4%         N/A       24%         3
 Teleport Other           Tloc           4%         N/A       24%         3
 Iskenderun's Mystic Bla  Conj/Tloc      17%        2d5       30%         4
 Summon Lightning Spire   Summ/Air       4%         N/A       63%         4
 Yara's Violent Unravell  Hex/Tmut       7%         3d5       69%         5
 Storm Form               Tmut/Air       2%         N/A       100%        7
 Maxwell's Capacitive Co  Air            2%         ∞         100%        8


Dungeon Overview and Level Annotations

Branches:
Dungeon (5/15)             Temple (0/1) D:4

Shops:
D:5 (


Innate Abilities, Weirdness & Mutations

Your attributes grow dramatically as you level up.
You have an increased reservoir of magic. (+10% MP)
You shall have no god before yourself.


Message History

Aiming: Magic Dart (safe; 1% risk of failure)
Press: ? - help, Shift-Dir - straight line, f - hornet
Aim: a hornet (heavily wounded, 100% to hit)
The magic dart hits the hornet but does no damage.
The hornet is heavily wounded.
Casting: Magic Dart (safe; 1% risk of failure)
Confirm with . or Enter, or press ? or * to list all spells.
Aiming: Searing Ray (safe; 1% risk of failure)
Press: ? - help, Shift-Dir - straight line, f/p - hornet
Aim: a hornet (heavily wounded, 69% to hit)
The searing ray misses the hornet. (Press . to maintain the ray.)
The searing ray hits the hornet.
The hornet is severely wounded.
The hornet stings you.
You feel yourself slow down.
The searing ray hits the hornet but does no damage.
The hornet is severely wounded.
You feel yourself speed up. The hornet misses you.
The hornet stings you but does no damage.
The searing ray hits the hornet.
The hornet is severely wounded.
You finish channelling your searing ray.
The hornet stings you!
You are poisoned.
You feel yourself slow down. The hornet barely misses you.
Casting: Searing Ray (safe; 1% risk of failure)
Confirm with . or Enter, or press ? or * to list all spells.
You don't have enough magic to cast this spell.
Unknown command.
You barely miss the hornet.
The hornet is severely wounded.
You feel very sick. The hornet stings you.
You suddenly lose the ability to move!
The hornet stings you but does no damage.
You feel sick. The hornet stings you!
* * * LOW HITPOINT WARNING * * *
You feel as though you will be slow longer.
You feel sick. The hornet stings you!
You die...

............####.
.........####....
#..)...####......
#####..#........ #
##........# .##
##.....##### ..#
##..........#### #..
#..####......†.#####
#.. ##.##
#####..@y....#####
##.. ##.##
#####........####..#
##..#
#####.........##
#..## ####......##
..## #####...# .##
#.... ## #.... #
#.... #....


You could see a hornet.

Vanquished Creatures
  Grinder (D:5)
  A water moccasin (D:5)
  Purgy (D:3)
  A black bear (D:5)
  A hound (D:5)
  A gnoll shaman (D:3)
  Ijyb (D:4)
  4 adders
  3 gnolls (D:3)
  A howler monkey skeleton (D:5)
  A white imp (D:5)
  2 ufetubi
  An adder skeleton (D:4)
  2 worms (D:3)
  2 dart slugs
  2 orcs (D:5)
  3 ball pythons
  3 bats
  7 endoplasms
  7 goblins
  2 hobgoblins
  7 kobolds
  A quokka (D:1)
  A frilled lizard (D:1)
  3 rats (D:3)
59 creatures vanquished.

Vanquished Creatures (others)
  3 fulminant prisms (D:5)
3 creatures vanquished.

Grand Total: 62 creatures vanquished

Notes
Turn   | Place    | Note
-------+----------+-------------------------------------------
     0 | D:1      | Dabor the Demigod Conjurer began the quest for the Orb.
     0 | D:1      | Reached XP level 1. HP: 14/14 MP: 5/5
   716 | D:1      | Reached XP level 2. HP: 13/20 MP: 1/7
  1227 | D:2      | Reached skill level 1 in Hexes
  2069 | D:3      | Reached XP level 3. HP: 25/26 MP: 2/8
  2072 | D:3      | Learned a level 2 spell: Searing Ray
  2206 | D:3      | Noticed Purgy
  3657 | D:3      | Reached XP level 4. HP: 33/33 MP: 2/10
  3949 | D:4      | Noticed Ijyb
  3968 | D:4      | Killed Ijyb
  4194 | D:3      | HP: 1/33 [Purgy (2)]
  4195 | D:3      | Killed Purgy
  4196 | D:3      | Reached XP level 5. HP: 2/38 MP: 1/11
  4613 | D:4      | Found a staircase to the Ecumenical Temple.
  4707 | D:4      | Identified the +5 spear "Hydraslayer" {holy, Str+5}
  4931 | D:5      | Entered Level 5 of the Dungeon
  5035 | D:5      | Learned a level 4 spell: Fulminant Prism
  5163 | D:5      | Noticed Grinder
  5176 | D:5      | Killed Grinder
  5177 | D:5      | Reached skill level 1 in Polearms
  5177 | D:5      | Reached XP level 6. HP: 29/45 MP: 1/13
  5307 | D:5      | Noticed a water moccasin
  5318 | D:5      | Killed a water moccasin
  5532 | D:5      | Learned a level 2 spell: Slow
  5585 | D:5      | Reached XP level 7. HP: 47/50 MP: 4/14
  5731 | D:5      | Found Vibroh's Antique Weapon Shop.
  5946 | D:5      | Noticed a hornet
  5969 | D:5      | Paralysed by a hornet for 3 turns
  5971 | D:5      | Slain by a hornet

Illustrated notes

Levels and vault maps discovered:
D:1:      minmay_arrival_diagonal_passages, layout_basic,
          ebering_ecumenical_altar_abandoned
D:2:      layout_loops_ring
D:3:      minmay_diamond_boxcup, layout_basic, minmay_surrounded, uniq_purgy
D:4:      layout_rooms, temple_statues, hangedman_decor_points, uniq_ijyb
D:5:      layout_cave_pods, serial_shops,
          nicolae_shop_competitors_out_of_business, uniq_grinder

Skill      XL: |  1  2  3  4  5  6  7 |
---------------+----------------------+-----
Stealth        | 2 3 |  3.5
Dodging        | 2 3 |  3.4
Spellcasting   | 2 3 |  3.1
Hexes          | 1 2 3 4 |  4.0
Conjurations   | 4 |  4.6
Polearms       | 1 |  1.6

Action                   |  1- 3 |  4- 6 |  7- 9 || total
-------------------------+-------+-------+-------++-------
Melee: Unarmed           |     2 |       |       ||     2
       Dagger            |    17 |     9 |       ||    26
       Spear             |       |     3 |     5 ||     8
 Cast: Magic Dart        |    76 |    23 |     8 ||   107
       Searing Ray       |     6 |    12 |     2 ||    20
       Fulminant Prism   |       |     1 |     2 ||     3
Evoke: Wand              |       |     1 |       ||     1
  Use: Scroll            |     5 |     1 |       ||     6
       Potion            |     1 |     1 |       ||     2
Armor: Skin              |     9 |    33 |       ||    42
       Robe              |     8 |     3 |     3 ||    14
Dodge: Dodged            |    20 |    20 |     4 ||    44

Table legend: (Time is in decaauts)
 A = Elapsed time spent in this place.
 B = Non-inter-level travel time spent in this place.
 C = Inter-level travel time spent in this place.
 D = Time resting spent in this place.
 E = Time spent auto-exploring this place.
 F = Levels seen in this place.
 G = Mean time per level.
                   A        B        C        D        E       F      G
               +--------+--------+--------+--------+--------+-----+--------+
         Total |   5979 |   5741 |    238 |   1274 |   3592 |   5 | 1195.8 |
       Dungeon |   5979 |   5741 |    238 |   1274 |   3592 |   5 | 1195.8 |
               +--------+--------+--------+--------+--------+-----+--------+

Top non-repeatable levels by time:
     D:3: 2237 daAuts
     D:2: 1201 daAuts
     D:5: 1045 daAuts
     D:1: 1025 daAuts
     D:4: 469 daAuts
